[ AOE2 MATCH · #504802444 ]
UnrankedLithuanians vs Wu
Rival team · LOSS
[ REPLAY ANALYSIS · EXTRACTED FROM THE RECORDED GAME ]
Feudal
8:54
Castle
24:20
Imperial
40:11
| APM avg | 41.7 |
| APM peak | 79 |
| eAPM avg | 18.7 |
| Villagers / military | 156 / 139 |
Focus
⚔️ 34.0% · 🌾 66.0%
Knight ×95 · Skirmisher ×23 · Monk ×5 · Archer ×5 · Trebuchet (Packed) ×5 · Militia ×3
Feudal
15:15
Castle
22:13
Imperial
—
| APM avg | 29.5 |
| APM peak | 67 |
| eAPM avg | 18.8 |
| Villagers / military | 158 / 220 |
Focus
⚔️ 36.1% · 🌾 63.9%
Spearman ×192 · Unknown (1974) ×111 · Militia ×12 · Battering Ram ×8 · Monk ×4 · Skirmisher ×4
Match map
Initial resources + every placement click. Lines = walls · curves = elevation contours. ◆ gold · ⬟ stone · ● berries · ✦ relic · ◌ wall gap
Your base· Open — 4t gap
Jhoonas's base· Open — 1t gap
Smoothed initial terrain · ◌ = detected wall gap · hover for details
Inputs per minute
— Arthemis - - Jhoonas
Build order — Arthemis
First 150 of 471 actions detected
| 0:01 | Queue | Villager (Male) |
| 0:01 | Queue | Villager (Male) |
| 0:02 | Build | House |
| 0:04 | Build | House |
| 0:42 | Queue | Villager (Male) |
| 0:42 | Queue | Villager (Male) |
| 0:43 | Queue | Villager (Male) |
| 0:43 | Queue | Villager (Male) |
| 0:43 | Queue | Villager (Male) |
| 1:39 | Queue | Villager (Male) |
| 1:48 | Build | Lumber Camp |
| 2:08 | Queue | Villager (Male) |
| 3:15 | Queue | Villager (Male) |
| 3:15 | Queue | Villager (Male) |
| 3:16 | Queue | Villager (Male) |
| 3:16 | Queue | Villager (Male) |
| 3:55 | Build | House |
| 4:14 | Queue | Villager (Male) |
| 4:47 | Queue | Villager (Male) |
| 5:25 | Build | Barracks |
| 5:26 | Queue | Villager (Male) |
| 5:54 | Queue | Villager (Male) |
| 6:10 | Research | Loom |
| 6:43 | Research | Feudal Age |
| 6:45 | Queue | Militia |
| 7:11 | Queue | Militia |
| 7:16 | Build | House |
| 7:19 | Build | Mill |
| 7:54 | Queue | Militia |
| 8:17 | Build | Mining Camp |
| 8:28 | Queue | Villager (Male) |
| 8:54 | Age | Feudal Age |
| 9:12 | Queue | Villager (Male) |
| 9:23 | Research | Double-Bit Axe |
| 9:23 | Research | Double-Bit Axe |
| 9:43 | Build | Archery Range |
| 9:46 | Queue | Villager (Male) |
| 10:14 | Queue | Villager (Male) |
| 10:37 | Queue | Archer |
| 10:44 | Queue | Villager (Male) |
| 11:27 | Queue | Archer |
| 11:43 | Queue | Villager (Male) |
| 12:18 | Queue | Villager (Male) |
| 12:20 | Queue | Archer |
| 12:35 | Build | Palisade Wall |
| 12:36 | Build | Palisade Wall |
| 12:43 | Build | House |
| 12:49 | Queue | Villager (Male) |
| 13:31 | Queue | Villager (Male) |
| 13:50 | Queue | Archer |
| 13:50 | Queue | Villager (Male) |
| 14:19 | Queue | Villager (Male) |
| 14:27 | Queue | Villager (Male) |
| 14:29 | Queue | Archer |
| 14:32 | Build | House |
| 14:33 | Build | House |
| 15:14 | Queue | Villager (Male) |
| 15:37 | Queue | Villager (Male) |
| 15:51 | Queue | Skirmisher |
| 15:51 | Queue | Skirmisher |
| 15:55 | Build | Blacksmith |
| 16:02 | Research | Horse Collar |
| 16:02 | Queue | Villager (Male) |
| 16:06 | Build | House |
| 16:32 | Queue | Villager (Male) |
| 16:36 | Build | Farm |
| 16:36 | Build | Farm |
| 16:36 | Build | Farm |
| 16:36 | Build | Farm |
| 16:37 | Build | Farm |
| 16:37 | Build | Farm |
| 16:39 | Build | Farm |
| 16:43 | Build | Farm |
| 16:48 | Queue | Skirmisher |
| 16:48 | Queue | Skirmisher |
| 17:01 | Queue | Villager (Male) |
| 17:18 | Queue | Villager (Male) |
| 17:24 | Build | Stable |
| 17:27 | Research | Fletching |
| 17:36 | Queue | Skirmisher |
| 17:38 | Queue | Villager (Male) |
| 17:55 | Queue | Villager (Male) |
| 18:00 | Build | Farm |
| 18:00 | Build | Farm |
| 18:00 | Build | Farm |
| 18:00 | Build | Farm |
| 18:01 | Build | Farm |
| 18:09 | Queue | Skirmisher |
| 18:30 | Queue | Scout Cavalry |
| 18:30 | Queue | Scout Cavalry |
| 18:32 | Queue | Skirmisher |
| 18:36 | Queue | Villager (Male) |
| 18:52 | Build | Farm |
| 18:53 | Build | Farm |
| 19:00 | Build | Farm |
| 19:04 | Queue | Villager (Male) |
| 19:06 | Queue | Skirmisher |
| 19:14 | Build | House |
| 19:15 | Build | House |
| 19:37 | Queue | Scout Cavalry |
| 19:39 | Queue | Villager (Male) |
| 20:15 | Queue | Villager (Male) |
| 20:24 | Build | Market |
| 20:39 | Queue | Villager (Male) |
| 20:50 | Build | House |
| 20:52 | Build | House |
| 21:08 | Queue | Villager (Male) |
| 21:40 | Research | Castle Age |
| 22:01 | Build | Mining Camp |
| 22:39 | Research | Gold Mining |
| 22:43 | Research | Bloodlines |
| 22:48 | Research | Scale Barding Armor |
| 23:16 | Build | Stable |
| 23:22 | Research | Forging |
| 23:54 | Queue | Villager (Male) |
| 24:20 | Age | Castle Age |
| 24:21 | Queue | Knight |
| 24:21 | Queue | Knight |
| 24:29 | Build | Monastery |
| 24:35 | Queue | Villager (Male) |
| 24:49 | Queue | Knight |
| 24:50 | Queue | Knight |
| 24:59 | Queue | Villager (Male) |
| 25:12 | Queue | Monk |
| 25:17 | Build | Town Center |
| 25:40 | Queue | Villager (Male) |
| 25:40 | Queue | Villager (Male) |
| 25:45 | Research | Bow Saw |
| 26:15 | Queue | Monk |
| 26:24 | Queue | Villager (Male) |
| 26:37 | Queue | Villager (Male) |
| 26:38 | Queue | Villager (Male) |
| 26:48 | Research | Husbandry |
| 27:04 | Queue | Villager (Male) |
| 27:23 | Build | Town Center |
| 27:29 | Queue | Villager (Male) |
| 27:29 | Queue | Villager (Male) |
| 27:31 | Queue | Knight |
| 27:32 | Queue | Knight |
| 27:33 | Queue | Monk |
| 28:08 | Queue | Villager (Male) |
| 28:08 | Queue | Villager (Male) |
| 28:08 | Queue | Villager (Male) |
| 28:09 | Queue | Villager (Male) |
| 28:10 | Queue | Knight |
| 28:11 | Queue | Knight |
| 28:20 | Build | Farm |
| 28:21 | Build | Farm |
| 28:21 | Build | Farm |
| 28:21 | Build | Farm |
Build order — Jhoonas
First 150 of 458 actions detected
| 0:00 | Queue | Villager (Male) |
| 0:01 | Queue | Villager (Male) |
| 0:01 | Queue | Villager (Male) |
| 0:01 | Queue | Villager (Male) |
| 0:04 | Build | House |
| 0:05 | Build | House |
| 1:30 | Queue | Villager (Male) |
| 1:31 | Queue | Villager (Male) |
| 1:48 | Build | Lumber Camp |
| 1:57 | Queue | Villager (Male) |
| 2:08 | Queue | Villager (Male) |
| 2:35 | Build | House |
| 2:37 | Queue | Villager (Male) |
| 3:09 | Queue | Villager (Male) |
| 3:27 | Queue | Villager (Male) |
| 4:08 | Queue | Villager (Male) |
| 4:08 | Queue | Villager (Male) |
| 4:33 | Build | Barracks |
| 4:37 | Queue | Villager (Male) |
| 5:06 | Build | House |
| 5:25 | Build | Mining Camp |
| 5:27 | Queue | Villager (Male) |
| 5:30 | Research | Loom |
| 5:40 | Queue | Militia |
| 5:55 | Queue | Villager (Male) |
| 5:55 | Queue | Villager (Male) |
| 6:09 | Queue | Militia |
| 6:33 | Queue | Villager (Male) |
| 6:43 | Queue | Militia |
| 6:52 | Build | House |
| 7:09 | Queue | Villager (Male) |
| 7:18 | Queue | Militia |
| 7:35 | Queue | Villager (Male) |
| 7:36 | Queue | Villager (Male) |
| 7:57 | Queue | Villager (Male) |
| 8:04 | Build | House |
| 8:16 | Queue | Villager (Male) |
| 8:46 | Queue | Militia |
| 9:28 | Queue | Militia |
| 9:31 | Queue | Villager (Male) |
| 9:31 | Queue | Villager (Male) |
| 9:46 | Queue | Villager (Male) |
| 9:57 | Queue | Villager (Male) |
| 10:30 | Queue | Villager (Male) |
| 10:31 | Queue | Militia |
| 10:39 | Build | Palisade Wall |
| 10:41 | Build | Palisade Wall |
| 10:42 | Build | Palisade Wall |
| 10:56 | Queue | Villager (Male) |
| 11:52 | Queue | Villager (Male) |
| 12:19 | Build | Mill |
| 12:59 | Build | Lumber Camp |
| 13:05 | Research | Feudal Age |
| 13:34 | Build | House |
| 14:02 | Build | Mill |
| 14:29 | Queue | Villager (Male) |
| 14:43 | Build | Farm |
| 14:45 | Build | Farm |
| 14:47 | Build | Farm |
| 14:49 | Build | Farm |
| 14:53 | Build | Farm |
| 14:56 | Build | Farm |
| 14:58 | Build | Farm |
| 15:02 | Build | Farm |
| 15:06 | Build | Farm |
| 15:09 | Build | Farm |
| 15:12 | Build | Farm |
| 15:15 | Age | Feudal Age |
| 15:17 | Queue | Villager (Male) |
| 15:20 | Build | Archery Range |
| 15:30 | Build | House |
| 15:44 | Queue | Villager (Male) |
| 15:55 | Build | Blacksmith |
| 16:07 | Queue | Skirmisher |
| 16:07 | Queue | Skirmisher |
| 16:12 | Research | Double-Bit Axe |
| 16:23 | Queue | Villager (Male) |
| 16:25 | Build | Farm |
| 16:26 | Queue | Villager (Male) |
| 16:32 | Build | Farm |
| 16:37 | Queue | Skirmisher |
| 16:50 | Queue | Villager (Male) |
| 16:58 | Build | Farm |
| 17:12 | Queue | Skirmisher |
| 17:12 | Queue | Villager (Male) |
| 17:33 | Build | Farm |
| 17:34 | Queue | Villager (Male) |
| 17:58 | Queue | Villager (Male) |
| 18:02 | Build | Farm |
| 18:29 | Build | Market |
| 18:33 | Queue | Villager (Male) |
| 18:45 | Queue | Villager (Male) |
| 19:07 | Build | Lumber Camp |
| 19:10 | Build | Lumber Camp |
| 19:33 | Research | Castle Age |
| 19:33 | Research | Castle Age |
| 20:00 | Research | Double-Bit Axe |
| 20:04 | Research | Horse Collar |
| 20:04 | Research | Horse Collar |
| 20:05 | Research | Horse Collar |
| 20:38 | Research | Scale Mail Armor |
| 20:51 | Build | Barracks |
| 21:55 | Queue | Villager (Male) |
| 21:55 | Queue | Villager (Male) |
| 22:00 | Research | Wheelbarrow |
| 22:13 | Age | Castle Age |
| 22:21 | Queue | Unit 1974 |
| 22:22 | Queue | Unit 1974 |
| 22:23 | Research | Squires |
| 22:35 | Queue | Unit 1974 |
| 22:36 | Queue | Unit 1974 |
| 22:50 | Build | Lumber Camp |
| 23:00 | Build | Farm |
| 23:23 | Build | Monastery |
| 23:29 | Queue | Unit 1974 |
| 23:29 | Queue | Unit 1974 |
| 23:29 | Queue | Villager (Male) |
| 23:32 | Queue | Villager (Male) |
| 23:39 | Build | Town Center |
| 23:47 | Queue | Unit 1974 |
| 23:47 | Queue | Unit 1974 |
| 23:48 | Queue | Villager (Male) |
| 23:54 | Research | Bow Saw |
| 24:01 | Build | House |
| 24:21 | Queue | Villager (Male) |
| 24:24 | Build | Farm |
| 24:25 | Build | Farm |
| 24:27 | Build | Farm |
| 24:28 | Queue | Villager (Male) |
| 24:53 | Build | Monastery |
| 24:55 | Queue | Villager (Male) |
| 25:22 | Build | Palisade Wall |
| 25:24 | Build | Palisade Wall |
| 25:25 | Build | Palisade Wall |
| 25:26 | Build | Palisade Wall |
| 25:29 | Build | Palisade Wall |
| 25:37 | Queue | Spearman |
| 25:37 | Queue | Spearman |
| 25:37 | Queue | Villager (Male) |
| 25:39 | Queue | Villager (Male) |
| 25:40 | Build | Farm |
| 26:00 | Build | Barracks |
| 26:02 | Build | Mill |
| 26:03 | Queue | Villager (Male) |
| 26:03 | Queue | Villager (Male) |
| 26:03 | Queue | Villager (Male) |
| 26:07 | Research | Pikeman (upgrade) |
| 26:25 | Queue | Spearman |
| 26:25 | Queue | Spearman |
| 26:29 | Queue | Villager (Male) |
Match timeline
| 4:33 | Jhoonas · first_building Barracks |
| 5:25 | Arthemis · first_building Barracks |
| 8:54 | Arthemis · age_up feudal |
| 9:43 | Arthemis · first_building Archery Range |
| 10:39 | Jhoonas · wall_segment Palisade Wall x3 |
| 10:41 | Jhoonas · wall_segment Palisade Wall x3 |
| 10:42 | Jhoonas · wall_segment Palisade Wall x4 |
| 12:35 | Arthemis · wall_segment Palisade Wall x1 |
| 12:36 | Arthemis · wall_segment Palisade Wall x1 |
| 15:15 | Jhoonas · age_up feudal |
| 15:20 | Jhoonas · first_building Archery Range |
| 17:24 | Arthemis · first_building Stable |
| 19:25 | Jhoonas · first_market_sell 100 wood |
| 19:26 | Jhoonas · first_market_buy 100 food |
| 21:36 | Arthemis · first_market_buy 100 food |
| 21:39 | Arthemis · first_market_sell 100 wood |
| 22:13 | Jhoonas · age_up castle |
| 23:23 | Jhoonas · first_building Monastery |
| 24:20 | Arthemis · age_up castle |
| 24:29 | Arthemis · first_building Monastery |
| 25:22 | Jhoonas · wall_segment Palisade Wall x1 |
| 25:24 | Jhoonas · wall_segment Palisade Wall x1 |
| 25:25 | Jhoonas · wall_segment Palisade Wall x1 |
| 25:26 | Jhoonas · wall_segment Palisade Wall x1 |
| 25:29 | Jhoonas · wall_segment Palisade Wall x1 |
| 31:55 | Arthemis · wall_segment Palisade Wall x1 |
| 32:00 | Jhoonas · first_building Siege Workshop |
| 38:11 | Jhoonas · first_building Castle |
| 40:11 | Arthemis · age_up imperial |
| 41:26 | Arthemis · first_building Castle |
| 52:22 | Jhoonas · resign |
[ AI ANALYSIS · 1 CREDIT ]
What really happened in this match?
Wolo.gg analyzes every decision: build order, eco, micro, common mistakes by bracket. Personalized analysis on WhatsApp or Discord in 30 seconds.
Civ guide
Lithuanians
Perfil
Jugador #6103202